Map: Ruins of Endion

Players

blackxored - Winner!

  • Race: Zerg Zerg
  • League: Platinum

JTJT

  • Race: Zerg Zerg
  • League: Diamond

VOD

Have the link to the VOD?

Description

Time

  • Played on: June 25, 2016, 1:54 p.m.
  • Length: 11:21
Show
View Real Time Build Order
Export as new Build Order

blackxored Zerg - Winner!

Build Orders: Hatch First 

Get SALT Encoding   

  12  0:02  Drone  
  13  0:08  Drone  
  14  0:18  Overlord  
  14  0:24  Extractor  
  14  0:26  Drone  
  15  0:37  Drone x2  
  17  0:53  Hatchery  
  17  0:56  Drone  
  17  1:00  Drone  
  18  1:11  Extractor  
  18  1:16  Spawning Pool  
  18  1:18  Drone  
  17  1:21  Drone  
  18  1:29  Drone  
  19  1:39  Overlord  
  19  2:06  Zergling x6, Queen  
  19  2:07  Queen  
  26  2:14  Metabolic Boost  
  26  2:24  Drone x3  
  29  2:42  Drone  
  29  2:43  Drone x2  
  32  2:47  Drone  
  32  2:50  Baneling Nest  
  32  2:51  Overlord  
  32  3:04  Drone x2  
  34  3:18  Drone x4  
  34  3:19  Drone x2  
  40  3:26  Lair  
  40  3:29  Drone x2  
  40  3:32  Drone  
  40  3:33  Hatchery  
  42  3:34  Drone  
  43  3:57  Drone  
  43  3:58  Extractor, Drone  
  43  4:01  Overlord x3  
  44  4:08  Baneling x2  
  44  4:10  Baneling  
  44  4:16  Extractor  
  43  4:17  Drone  
  43  4:19  Extractor  
  43  4:20  Drone  
  43  4:21  Drone  
  43  4:23  Drone x3  
  48  4:42  Spire  
  48  4:43  Drone  
  48  4:47  Drone x2  
  48  4:49  Queen  
  48  4:50  Overlord  
  52  4:55  Overseer  
  52  5:02  Drone x10  
  62  5:19  Overlord x2  
  62  5:21  Drone x5  
  67  5:54  Mutalisk x7  
  81  6:05  Zerg Flyer Weapons Level 1  
  81  6:07  Drone  
  81  6:10  Extractor, Drone x4  
  81  6:11  Extractor, Drone x3  
  88  6:13  Drone x2  
  88  6:18  Drone x2  
  91  6:19  Roach Warren  
  91  6:21  Infestation Pit  
  91  6:25  Mutalisk  
  89  6:27  Zergling x2  
  89  6:28  Zergling x12  
  89  6:30  Overlord x2  
  98  6:47  Evolution Chamber  
  98  6:50  Evolution Chamber  
  96  6:58  Hive  
  96  7:21  Zerg Melee Weapons Level 1, Zerg Ground Armor Level 1  
  96  7:55  Zergling x2  
  96  7:56  Zergling x34  
  96  7:58  Overlord x4  
  114  8:13  Hatchery  
  113  8:28  Ultralisk Cavern, Drone  
  113  8:34  Overlord  
  111  9:18  Chitinous Plating  
  111  9:20  Ultralisk x3  
  111  9:22  Overlord x5  
  129  9:24  Overlord x2  
  129  9:25  Overlord x2  
  129  9:32  Adrenal Glands  
  129  9:39  Ultralisk  
  134  9:51  Ultralisk x3  
  134  9:52  Ultralisk x3  
  161  10:17  Ultralisk x2  
  145  10:25  Zergling x22  
  145  10:26  Zergling x16  
  146  10:37  Overseer  
  146  10:40  Zergling x12  
  152  10:44  Queen  
  152  10:48  Drone  
  152  10:49  Drone  
Show
View Real Time Build Order
Export as new Build Order

JTJT Zerg 

Build Orders: Pool First 

Get SALT Encoding   

  12  0:01  Drone  
  13  0:12  Overlord  
  13  0:19  Drone  
  14  0:32  Drone x2  
  16  0:45  Drone  
  17  0:52  Extractor  
  17  0:55  Spawning Pool  
  17  0:56  Drone  
  17  0:57  Drone  
  17  1:18  Hatchery  
  16  1:26  Drone x2  
  18  1:44  Queen  
  20  1:52  Overlord, Drone x2  
  22  2:04  Metabolic Boost  
  22  2:13  Drone  
  23  2:28  Drone x2  
  25  2:30  Queen  
  25  2:32  Drone  
  28  2:40  Zergling x2  
  29  2:52  Roach Warren  
  29  2:56  Evolution Chamber  
  29  2:57  Zergling x2, Spine Crawler  
  29  2:58  Zergling x6  
  30  3:23  Zerg Ground Armor Level 1  
  30  3:28  Drone x6  
  36  3:36  Extractor  
  36  3:40  Overlord x2  
  35  3:57  Drone  
  35  3:58  Drone x5  
  35  4:01  Lair  
  41  4:10  Drone x3  
  41  4:11  Drone  
  45  4:38  Extractor, Drone x6  
  50  4:39  Extractor  
  50  4:45  Drone x3  
  52  4:48  Overlord x3  
  52  4:59  Glial Reconstitution  
  52  5:17  Drone x5  
  57  5:22  Zerg Ground Armor Level 2  
  57  5:27  Hatchery  
  56  5:41  Hatchery  
  55  5:43  Evolution Chamber  
  54  5:59  Roach x7  
  54  6:01  Overlord x5  
  68  6:19  Zerg Missile Weapons Level 1  
  68  6:22  Roach x6  
  82  6:25  Ravager x2  
  82  6:26  Ravager x5  
  82  6:32  Spore Crawler  
  86  6:35  Spore Crawler  
  86  6:36  Spore Crawler  
  84  6:51  Spore Crawler  
  84  6:52  Hydralisk Den  
  84  6:53  Queen  
  84  6:54  Spore Crawler x2  
  81  7:11  Queen  
  81  7:12  Queen  
  85  7:21  Drone x9  
  94  7:34  Muscular Augments  
  94  7:39  Spore Crawler  
  94  7:40  Spore Crawler  
  92  7:56  Hydralisk x2  
  92  7:57  Overlord x2  
  92  7:58  Overlord x3  
  96  8:24  Hydralisk  
  96  8:25  Hydralisk x7  
  112  8:38  Zerg Missile Weapons Level 2  
  112  8:41  Drone x3  
  112  8:42  Infestation Pit, Drone x3  
  117  9:02  Roach x2  
  127  9:03  Overlord, Roach x3  
  127  9:04  Overlord x2, Overseer  
  127  9:06  Overseer  
  127  9:22  Roach x7  
  127  9:23  Roach  
  143  9:46  Overlord x2  
  143  9:47  Overlord x3  
  143  9:56  Hatchery  
  139  10:16  Roach  
  139  10:17  Roach x12  
  139  10:18  Roach  
  119  10:30  Roach x4  
  123  11:02  Roach  
  147  11:05  Extractor  
  147  11:07  Extractor  
Tags
 
Add a new tag
Caveats
  • Supply blocks, unpowered buildings, or Contaminate may cause inaccurate times.
  • Supply counts are checked every 10 seconds.